 Dungeon Crawl Stone Soup version 0.29.1-1-gd02db6906a (webtiles) character file.

Game seed: 7732416388084085053

5 GigaChad the Conjurer (level 1, 0/10 HPs)
             Began as a Deep Elf Conjurer on Sept 19, 2022.
             Slain by a jackal (1 damage)
             ... on level 1 of the Dungeon.
             The game lasted 00:00:21 (94 turns).

GigaChad the Conjurer (Deep Elf Conjurer)             Turns: 94, Time: 00:00:22

Health: 0/10       AC:  2    Str:  4    XL:     1   Next: 66%
Magic:  2/6        EV: 12    Int: 22    God:
Gold:   12         SH:  0    Dex: 13    Spells: 5/6 levels left

rFire   . . .      SeeInvis .   (no weapon)
rCold   . . .      Faith    .   (no shield)
rNeg    . . .      Spirit   .   a - +0 robe
rPois   .          Reflect  .   (no helmet)
rElec   .          Harm     .   (no cloak)
rCorr   .          Rampage  .   (no gloves)
Will    .....                   (no boots)
Stlth   ++........              (no amulet)
HPRegen 0.03/turn               (no ring)
MPRegen 0.10/turn               (no ring)

@: no status effects
A: no striking features
a: no special abilities


You were on level 1 of the Dungeon.
You visited 1 branch of the dungeon, and saw 1 of its levels.

You collected 12 gold pieces.

Inventory:

Armour
 a - a +0 robe (worn)
Potions
 b - a potion of magic


   Skills:
 + Level 2.4 Dodging
 + Level 2.4 Stealth
 + Level 3.0 Spellcasting
 + Level 4.6 Conjurations


You had 5 spell levels left.
You knew the following spells:

 Your Spells              Type           Power      Damage    Failure   Level
a - Magic Dart            Conj           96%        1d7       1%          1

Your spell library contained the following spells:

 Spells                   Type           Power      Damage    Failure   Level
 Searing Ray              Conj           48%        2d6       2%          2
 Dazzling Flash           Conj/Hex       26%        N/A       14%         3
 Fulminant Prism          Conj/Hex       6%         3d7       43%         4
 Iskenderun's Mystic Bla  Conj/Tloc      13%        2d5       43%         4


Dungeon Overview and Level Annotations

Branches:
Dungeon (1/15)

Altars:


Message History

You are out of magic!
You are out of magic!
A jackal is nearby!
The jackal misses you.
The jackal bites you but does no damage.
You hit the jackal but do no damage. The jackal closely misses you.
Your magical contamination has completely faded away.
You hit the jackal but do no damage. The jackal closely misses you. x2
You closely miss the jackal. The jackal closely misses you.
You barely miss the jackal. The jackal barely misses you.
You closely miss the jackal. The jackal bites you.
The jackal bites you but does no damage.
You hit the jackal but do no damage. The jackal misses you.
You barely miss the jackal. The jackal bites you.
The jackal closely misses you.
You hit the jackal but do no damage. The jackal bites you.
* * * LOW HITPOINT WARNING * * *
You hit the jackal but do no damage. The jackal closely misses you.
You miss the jackal. The jackal barely misses you. x2
You hit the jackal.
The jackal is moderately wounded.
The jackal bites you but does no damage.
You barely miss the jackal.
The jackal is moderately wounded.
The jackal bites you.
* * * LOW HITPOINT WARNING * * *
The jackal barely misses you.
You miss the jackal. Your punch misses the jackal.
The jackal is moderately wounded.
The jackal completely misses you.
You hit the jackal.
The jackal is heavily wounded.
The jackal closely misses you.
You closely miss the jackal.
The jackal is heavily wounded.
The jackal barely misses you. The jackal closely misses you.
You hit the jackal.
The jackal is severely wounded.
The jackal bites you.
You die...

##........ ....##
........ #..... ...#...
. #...###.....####..
##.......#........
####....#..##.......
##...............## .
#.......#.#..#.#..##....
#######.....##..@h)†.$..
#...#...##..###.#.......
.........##.# #+#####+##
.............#
..........#.##
..........#.#
.........##>#
........#...#
...∩......###


You could see a jackal.

Vanquished Creatures
  An endoplasm (D:1)
  A goblin (D:1)
  2 jackals (D:1)
4 creatures vanquished.

Notes
Turn   | Place    | Note
-------+----------+-------------------------------------------
     0 | D:1      | GigaChad the Deep Elf Conjurer began the quest for the Orb.
     0 | D:1      | Reached XP level 1. HP: 10/10 MP: 6/6
    94 | D:1      | Slain by a jackal

Illustrated notes

Levels and vault maps discovered:
D:1:      wander_arrival_desolate, layout_rooms, nrook_uturn

Action                   || total
-------------------------++-------
Melee: Unarmed           ||    16
 Cast: Magic Dart        ||    10
Armor: Robe              ||     3
Dodge: Dodged            ||    16
